cohdb
Replays
Latest Replays
All Replays
Popular Replays
Top Player Replays
Match Explorer
How It Works
Community
CoH3 Stats
Reddit
Sign in to upload your games and track your stats! →
Sign in with Steam
Match 44339445
Unlisted
Match 44339445
Overview
Messages
Build Orders
End
Panzergrenadier Squad
Selects Panzerjäger Kommand Battlegroup
Selects Blockade Equipment
250 Light Carrier
Panzergrenadier Squad
Construct Light Support Kompanie
Combat Half-tracks
Selects GrB 39 Grenade Launcher Requisition
Fire Support Elements
Veteran Squad Leaders
Vehicle Survival Package
Panzerjäger Mechanized Group
Construct Panzerarmee Kommand
Selects Defensive Positions
Rapid Advance
Panzer III L Medium Tank
Emergency Repair Kits
Advanced Optics
Selects Crew Shock Tactics
Panzer III L Medium Tank
Armored Reserves
Tungsten Core Ammunition
Tiger Heavy Tank
Advanced Field Repairs
Selects Anti-tank Overwatch
Crew Shock Tactics
Anti-tank Overwatch
Wolf 0815
Büffel
Sarmynation
Ziggity
0
0
Comments
sign in to comment!
No comments posted yet!